[ AOE2 MATCH · #505070810 ]
UnrankedKhmer vs Muisca
Player's team · LOSS
Rival team · WIN
[ REPLAY ANALYSIS · EXTRACTED FROM THE RECORDED GAME ]
Feudal
10:56
Castle
13:40
Imperial
—
| APM avg | 63.6 |
| APM peak | 98 |
| eAPM avg | 20.7 |
| Villagers / military | 74 / 10 |
Focus
⚔️ 24.2% · 🌾 75.8%
Mangonel ×5 · Scout Cavalry ×3 · Monk ×2
Feudal
11:21
Castle
14:51
Imperial
—
| APM avg | 81.4 |
| APM peak | 134 |
| eAPM avg | 37.8 |
| Villagers / military | 52 / 11 |
Focus
⚔️ 41.5% · 🌾 58.5%
Unknown (2586) ×10 · Monk ×6 · Battering Ram ×5
Match map
Initial resources + every placement click. Lines = walls · curves = elevation contours. ◆ gold · ⬟ stone · ● berries · ✦ relic · ◌ wall gap
Your base· ✓ Closed at 13:40 · 12t walls · 2 gate(s)
VIT | Hera's base· ✓ Closed at 14:51 · 14t walls · 3 gate(s)
Smoothed initial terrain · ◌ = detected wall gap · hover for details
Inputs per minute
— Kirtap - - VIT | Hera
Build order — Kirtap
First 150 of 160 actions detected
| 0:00 | Create | Villager (Male) |
| 0:01 | Build | House |
| 0:02 | Build | House |
| 0:02 | Create | Villager (Male) |
| 0:07 | Create | Villager (Male) |
| 0:08 | Create | Villager (Male) |
| 0:08 | Create | Villager (Male) |
| 1:21 | Build | Palisade Wall |
| 1:22 | Build | Palisade Wall |
| 1:26 | Create | Villager (Male) |
| 1:26 | Create | Villager (Male) |
| 1:36 | Build | Palisade Wall |
| 1:38 | Build | Palisade Wall |
| 1:40 | Build | Palisade Wall |
| 1:43 | Build | Palisade Wall |
| 1:46 | Build | Palisade Wall |
| 1:48 | Build | Palisade Wall |
| 1:50 | Build | Palisade Wall |
| 1:52 | Build | Lumber Camp |
| 1:57 | Build | Palisade Wall |
| 1:59 | Build | Palisade Wall |
| 2:01 | Build | Palisade Wall |
| 2:06 | Create | Villager (Male) |
| 2:06 | Create | Villager (Male) |
| 2:21 | Create | Villager (Male) |
| 2:21 | Create | Villager (Male) |
| 2:50 | Create | Villager (Male) |
| 3:06 | Create | Villager (Male) |
| 3:28 | Build | House |
| 3:28 | Build | House |
| 3:41 | Create | Villager (Male) |
| 4:06 | Create | Villager (Male) |
| 4:29 | Create | Villager (Male) |
| 4:29 | Create | Villager (Male) |
| 5:04 | Create | Villager (Male) |
| 5:21 | Create | Villager (Male) |
| 5:21 | Create | Villager (Male) |
| 5:23 | Create | Villager (Male) |
| 5:56 | Build | Mill |
| 6:11 | Create | Villager (Male) |
| 6:22 | Build | House |
| 6:27 | Create | Villager (Male) |
| 6:37 | Create | Villager (Male) |
| 6:44 | Create | Villager (Male) |
| 6:50 | Create | Villager (Male) |
| 7:07 | Create | Villager (Male) |
| 7:51 | Create | Villager (Male) |
| 8:26 | Research | Feudal Age |
| 8:33 | Build | Mining Camp |
| 10:56 | Age | Feudal Age |
| 11:00 | Research | Castle Age |
| 11:06 | Build | Stable |
| 11:16 | Build | Farm |
| 11:18 | Build | Farm |
| 11:19 | Build | Farm |
| 11:22 | Build | Farm |
| 11:25 | Build | Farm |
| 11:33 | Build | Farm |
| 11:50 | Research | Horse Collar |
| 12:05 | Build | Farm |
| 12:16 | Research | Double-Bit Axe |
| 13:10 | Create | Villager (Male) |
| 13:11 | Create | Scout Cavalry |
| 13:11 | Create | Scout Cavalry |
| 13:40 | Age | Castle Age |
| 13:41 | Build | Monastery |
| 13:47 | Build | House |
| 13:47 | Build | House |
| 13:53 | Create | Scout Cavalry |
| 14:05 | Create | Villager (Male) |
| 14:06 | Research | Bow Saw |
| 14:15 | Create | Monk |
| 14:23 | Create | Monk |
| 14:28 | Create | Villager (Male) |
| 14:44 | Build | Town Center |
| 14:50 | Create | Villager (Male) |
| 15:05 | Create | Villager (Male) |
| 15:18 | Create | Villager (Male) |
| 15:42 | Create | Villager (Male) |
| 15:49 | Create | Villager (Male) |
| 15:50 | Create | Villager (Male) |
| 15:53 | Build | University |
| 16:00 | Create | Villager (Male) |
| 16:16 | Create | Villager (Male) |
| 16:16 | Create | Villager (Male) |
| 16:20 | Create | Villager (Male) |
| 16:20 | Create | Villager (Male) |
| 16:43 | Create | Villager (Male) |
| 16:46 | Build | Farm |
| 16:52 | Build | Farm |
| 16:53 | Build | Farm |
| 16:54 | Build | Farm |
| 16:54 | Build | Farm |
| 17:05 | Create | Villager (Male) |
| 17:08 | Research | Loom |
| 17:12 | Create | Villager (Male) |
| 17:15 | Build | Watch Tower |
| 17:31 | Create | Villager (Male) |
| 17:33 | Create | Villager (Male) |
| 17:43 | Create | Villager (Male) |
| 17:58 | Research | Guard Tower (upgrade) |
| 17:58 | Research | Guard Tower (upgrade) |
| 18:19 | Create | Villager (Male) |
| 18:34 | Build | House |
| 18:34 | Build | House |
| 18:43 | Create | Villager (Male) |
| 18:44 | Create | Villager (Male) |
| 18:46 | Build | Siege Workshop |
| 18:54 | Create | Villager (Male) |
| 18:56 | Build | House |
| 18:56 | Build | House |
| 18:57 | Build | House |
| 19:01 | Research | Town Watch |
| 19:03 | Create | Villager (Male) |
| 19:11 | Create | Villager (Male) |
| 19:18 | Build | Town Center |
| 19:27 | Create | Mangonel |
| 19:27 | Create | Mangonel |
| 19:38 | Create | Villager (Male) |
| 19:39 | Create | Villager (Male) |
| 19:53 | Create | Villager (Male) |
| 19:58 | Create | Villager (Male) |
| 20:04 | Build | House |
| 20:04 | Build | House |
| 20:07 | Create | Villager (Male) |
| 20:09 | Build | Farm |
| 20:10 | Build | Farm |
| 20:10 | Build | Farm |
| 20:14 | Build | House |
| 20:15 | Build | House |
| 20:22 | Create | Villager (Male) |
| 20:31 | Create | Villager (Male) |
| 20:41 | Build | Watch Tower |
| 20:45 | Create | Villager (Male) |
| 20:46 | Build | Blacksmith |
| 21:10 | Create | Villager (Male) |
| 21:12 | Create | Villager (Male) |
| 21:12 | Create | Villager (Male) |
| 21:14 | Build | Farm |
| 21:14 | Build | Farm |
| 21:15 | Build | Farm |
| 21:17 | Build | Farm |
| 21:17 | Build | Farm |
| 21:18 | Build | Farm |
| 21:20 | Create | Villager (Male) |
| 21:32 | Create | Villager (Male) |
| 21:33 | Create | Mangonel |
| 21:51 | Build | Gate |
| 22:00 | Create | Villager (Male) |
| 22:06 | Create | Villager (Male) |
Build order — VIT | Hera
First 150 of 162 actions detected
| 0:00 | Create | Villager (Male) |
| 0:01 | Create | Villager (Male) |
| 0:01 | Create | Villager (Male) |
| 0:01 | Build | House |
| 0:02 | Build | House |
| 0:13 | Create | Villager (Male) |
| 1:27 | Create | Villager (Male) |
| 1:28 | Create | Villager (Male) |
| 1:58 | Create | Villager (Male) |
| 2:23 | Create | Villager (Male) |
| 2:23 | Create | Villager (Male) |
| 2:41 | Create | Villager (Male) |
| 2:41 | Create | Villager (Male) |
| 2:59 | Build | Settlement |
| 3:11 | Create | Villager (Male) |
| 3:13 | Create | Villager (Male) |
| 3:59 | Create | Villager (Male) |
| 4:00 | Create | Villager (Male) |
| 4:00 | Create | Villager (Male) |
| 4:19 | Build | Palisade Gate |
| 4:21 | Build | Palisade Wall |
| 4:40 | Build | Palisade Wall |
| 4:41 | Build | Palisade Wall |
| 4:42 | Build | Palisade Wall |
| 4:45 | Build | Palisade Wall |
| 4:48 | Build | Palisade Wall |
| 4:49 | Build | Palisade Wall |
| 4:52 | Build | Palisade Wall |
| 4:54 | Create | Villager (Male) |
| 4:54 | Create | Villager (Male) |
| 4:54 | Create | Villager (Male) |
| 4:59 | Build | Palisade Wall |
| 5:00 | Build | Palisade Wall |
| 5:00 | Build | Palisade Wall |
| 5:01 | Build | Palisade Wall |
| 5:02 | Build | Palisade Wall |
| 5:02 | Build | Palisade Wall |
| 5:32 | Build | House |
| 5:56 | Build | Settlement |
| 6:01 | Build | Settlement |
| 6:36 | Create | Villager (Male) |
| 6:37 | Create | Villager (Male) |
| 6:38 | Create | Villager (Male) |
| 6:38 | Create | Villager (Male) |
| 7:07 | Create | Villager (Male) |
| 8:46 | Create | Villager (Male) |
| 8:48 | Research | Loom |
| 9:10 | Research | Feudal Age |
| 9:10 | Research | Feudal Age |
| 9:34 | Build | Farm |
| 9:36 | Build | Farm |
| 10:22 | Build | Farm |
| 10:24 | Build | Farm |
| 10:29 | Build | Farm |
| 10:59 | Create | Villager (Male) |
| 11:21 | Age | Feudal Age |
| 11:22 | Build | Market |
| 11:24 | Build | Blacksmith |
| 11:27 | Research | Double-Bit Axe |
| 11:28 | Research | Double-Bit Axe |
| 11:34 | Research | Gold Mining |
| 11:34 | Research | Gold Mining |
| 11:36 | Create | Villager (Male) |
| 12:10 | Research | Castle Age |
| 12:12 | Build | Farm |
| 12:14 | Build | Farm |
| 12:16 | Build | Farm |
| 12:17 | Research | Horse Collar |
| 12:18 | Research | Horse Collar |
| 12:28 | Build | House |
| 12:28 | Build | House |
| 12:31 | Build | House |
| 14:37 | Build | Farm |
| 14:44 | Build | Farm |
| 14:51 | Age | Castle Age |
| 14:52 | Create | Villager (Male) |
| 14:57 | Research | Loom |
| 15:04 | Research | Bow Saw |
| 15:05 | Research | Bow Saw |
| 15:06 | Build | Farm |
| 15:07 | Build | Farm |
| 15:09 | Build | Farm |
| 15:16 | Create | Villager (Male) |
| 15:18 | Create | Villager (Male) |
| 15:32 | Build | Monastery |
| 15:35 | Build | Palisade Gate |
| 15:37 | Build | Palisade Gate |
| 15:38 | Build | House |
| 15:41 | Create | Villager (Male) |
| 15:47 | Create | Villager (Male) |
| 15:50 | Create | Villager (Male) |
| 15:54 | Build | Farm |
| 16:05 | Build | Monastery |
| 16:17 | Build | Farm |
| 16:18 | Create | Unit 2586 |
| 16:35 | Create | Villager (Male) |
| 16:38 | Create | Unit 2586 |
| 16:44 | Build | House |
| 16:45 | Build | House |
| 16:52 | Build | Palisade Gate |
| 16:54 | Build | Palisade Gate |
| 17:04 | Create | Monk |
| 17:05 | Create | Monk |
| 17:17 | Build | Settlement |
| 17:20 | Build | Settlement |
| 17:28 | Create | Villager (Male) |
| 17:28 | Create | Villager (Male) |
| 17:30 | Research | Sanctity |
| 17:31 | Research | Sanctity |
| 17:46 | Create | Villager (Male) |
| 17:52 | Create | Monk |
| 17:52 | Create | Monk |
| 17:58 | Build | Siege Workshop |
| 18:01 | Build | House |
| 18:04 | Create | Villager (Male) |
| 18:07 | Create | Villager (Male) |
| 18:29 | Build | Farm |
| 18:29 | Build | Farm |
| 18:39 | Create | Villager (Male) |
| 18:58 | Build | House |
| 18:59 | Create | Monk |
| 19:09 | Build | House |
| 19:11 | Create | Battering Ram |
| 19:12 | Create | Villager (Male) |
| 19:14 | Create | Villager (Male) |
| 19:18 | Create | Villager (Male) |
| 19:18 | Create | Villager (Male) |
| 19:27 | Build | House |
| 19:28 | Create | Villager (Male) |
| 19:39 | Research | Atonement |
| 19:39 | Research | Atonement |
| 19:44 | Build | House |
| 19:45 | Create | Villager (Male) |
| 19:57 | Create | Monk |
| 20:10 | Build | House |
| 20:12 | Build | Farm |
| 20:20 | Create | Battering Ram |
| 20:30 | Create | Villager (Male) |
| 20:37 | Create | Unit 2586 |
| 20:39 | Create | Unit 2586 |
| 20:39 | Create | Unit 2586 |
| 20:47 | Create | Unit 2586 |
| 20:50 | Build | House |
| 20:51 | Create | Villager (Male) |
| 21:14 | Research | Redemption |
| 21:14 | Research | Redemption |
| 21:29 | Create | Villager (Male) |
| 21:31 | Build | Farm |
| 21:31 | Build | Farm |
| 21:57 | Create | Villager (Male) |
Match timeline
| 1:21 | Kirtap · wall_segment Palisade Wall x1 |
| 1:22 | Kirtap · wall_segment Palisade Wall x1 |
| 1:36 | Kirtap · wall_segment Palisade Wall x1 |
| 1:38 | Kirtap · wall_segment Palisade Wall x1 |
| 1:40 | Kirtap · wall_segment Palisade Wall x1 |
| 1:43 | Kirtap · wall_segment Palisade Wall x1 |
| 1:46 | Kirtap · wall_segment Palisade Wall x1 |
| 1:48 | Kirtap · wall_segment Palisade Wall x1 |
| 1:50 | Kirtap · wall_segment Palisade Wall x1 |
| 1:57 | Kirtap · wall_segment Palisade Wall x1 |
| 1:59 | Kirtap · wall_segment Palisade Wall x1 |
| 2:01 | Kirtap · wall_segment Palisade Wall x1 |
| 4:21 | VIT | Hera · wall_segment Palisade Wall x1 |
| 4:40 | VIT | Hera · wall_segment Palisade Wall x1 |
| 4:41 | VIT | Hera · wall_segment Palisade Wall x1 |
| 4:42 | VIT | Hera · wall_segment Palisade Wall x1 |
| 4:45 | VIT | Hera · wall_segment Palisade Wall x1 |
| 4:48 | VIT | Hera · wall_segment Palisade Wall x1 |
| 4:49 | VIT | Hera · wall_segment Palisade Wall x1 |
| 4:52 | VIT | Hera · wall_segment Palisade Wall x1 |
| 4:59 | VIT | Hera · wall_segment Palisade Wall x1 |
| 5:00 | VIT | Hera · wall_segment Palisade Wall x1 |
| 5:00 | VIT | Hera · wall_segment Palisade Wall x1 |
| 5:01 | VIT | Hera · wall_segment Palisade Wall x1 |
| 5:02 | VIT | Hera · wall_segment Palisade Wall x1 |
| 5:02 | VIT | Hera · wall_segment Palisade Wall x1 |
| 10:56 | Kirtap · age_up feudal |
| 11:06 | Kirtap · first_building Stable |
| 11:21 | VIT | Hera · age_up feudal |
| 13:40 | Kirtap · age_up castle |
| 13:41 | Kirtap · first_building Monastery |
| 14:51 | VIT | Hera · age_up castle |
| 15:32 | VIT | Hera · first_building Monastery |
| 17:58 | VIT | Hera · first_building Siege Workshop |
| 18:46 | Kirtap · first_building Siege Workshop |
| 19:11 | VIT | Hera · first_market_buy 100 wood |
| 19:11 | VIT | Hera · first_market_sell 100 food |
| 23:23 | Kirtap · resign |
[ AI ANALYSIS · 1 CREDIT ]
What really happened in this match?
Wolo.gg analyzes every decision: build order, eco, micro, common mistakes by bracket. Personalized analysis on WhatsApp or Discord in 30 seconds.
Civ guide
Khmer
Perfil
Jugador #9665014